 Dungeon Crawl Stone Soup version 0.25-a0-413-g3b4b6a4ccc (webtiles) character file.

Game seed: 1355828463171261939, levelgen mode: deterministic

46 Alfie the Shooter (level 3, -4/27 HPs)
             Began as a Human Hunter on Jan 14, 2020.
             Slain by an iron imp (11 damage)
             ... summoned by Natasha
             ... on level 2 of the Dungeon.
             The game lasted 00:04:04 (930 turns).

Alfie the Shooter (Human Hunter)                     Turns: 930, Time: 00:04:04

Health: -4/27      AC:  3    Str: 13    XL:     3   Next: 92%
Magic:  3/3        EV: 12    Int: 11    God:
Gold:   61         SH:  0    Dex: 13    Spells: 2/2 levels left

rFire    . . .     SeeInvis .   a - +1 shortbow
rCold    . . .     Gourm    .   (shield currently unavailable)
rNeg     . . .     Faith    .   c - +0 leather armour
rPois    .         Spirit   .   (no helmet)
rElec    .         Reflect  .   (no cloak)
rCorr    .         Harm     .   (no gloves)
MR       .....                  (no boots)
Stlth    +.........             (no amulet)
HPRegen  0.09/turn              (no ring)
MPRegen  0.08/turn              (no ring)

@: slowed, very slow
A: no striking features
a: no special abilities


You were on level 2 of the Dungeon.
You were not hungry.

You visited 1 branch of the dungeon, and saw 2 of its levels.

You collected 61 gold pieces.

Inventory:

Hand Weapons
 a - a +1 shortbow (weapon)
 b - a +0 short sword
Missiles
 d - 34 arrows (quivered)
Armour
 c - a +0 leather armour (worn)
Scrolls
 h - a scroll of enchant armour {unknown}
 j - 2 scrolls of identify {unknown}
 k - a scroll of immolation {unknown}
Potions
 e - a potion of ambrosia {unknown}
 g - a potion of agility {unknown}
 i - 2 potions of curing {unknown}
 l - a potion of might {unknown}
Comestibles
 f - a ration


   Skills:
 + Level 2.1 Fighting
 + Level 5.1 Bows
 + Level 0.1 Armour
 + Level 2.1 Dodging
 + Level 1.0 Stealth


You had 2 spell levels left.
You didn't know any spells.
Your spell library was empty.

Dungeon Overview and Level Annotations

Branches:
Dungeon (2/15)

Altars:

Annotations:
D:2 Natasha


Message History

Firing (i - inventory)
d - 35 arrows (quivered)
Press: ? - help, Shift-Dir - straight line, f - Natasha
Aim: Natasha You shoot an arrow.
The arrow hits Natasha.
Natasha is lightly wounded.
Natasha stares at you and mumbles some strange words.
You feel yourself slow down.
Natasha stares at you and mumbles some strange words.
The magic dart hits you.
You see here 2 arrows.
You see here an arrow.
Natasha extends her claws.
Natasha claws you.
You see here 2 arrows.
Natasha mumbles some strange words.
The shadow imp hits you. The goblin hits you with a +0 dagger.
The shadow imp hits you.
* * * LOW HITPOINT WARNING * * *
The goblin completely misses you. The iron imp hits you!
You die...

###....#..#. .# #....#......
.# #.#........#
##.#.##.####.##...
#................>
##########.#####..#########
#[..#.."##..####.)....# #
##...$....h5.#.....#.#.# #
....(...(.g@†..###.#.#.####
#...?.((5.#......#.#....##
#..........#..##..#........
#...(......##.##..#........
)...####.#####.##...........
.#. #.# #.###.##....... #
#.# #.# #.##....... #..
#..##.<†....... #..
#.##.....#.......


You could see an iron imp, Natasha, a shadow imp and a goblin.

Vanquished Creatures
  A gnoll (D:1)
  A worm (D:2)
  A dart slug (D:1)
  3 leopard geckos (D:1)
  A goblin (D:1)
  A hobgoblin (D:1)
  8 jackals
  2 kobolds (D:1)
  A ball python (D:1)
  4 bats
  3 frilled lizards
  3 rats
29 creatures vanquished.

Notes
Turn   | Place    | Note
-------+----------+-------------------------------------------
     0 | D:1      | Alfie the Human Hunter began the quest for the Orb.
     0 | D:1      | Reached XP level 1. HP: 16/16 MP: 1/1
    57 | D:1      | Reached XP level 2. HP: 17/22 MP: 2/2
   142 | D:1      | Reached XP level 3. HP: 25/27 MP: 3/3
   420 | D:1      | Reached skill level 5 in Bows
   921 | D:2      | Noticed Natasha
   930 | D:2      | Slain by an iron imp

Levels and vault maps discovered:
D:1:      tarquinn_simple_flora_water_f, layout_loops_ring
D:2:      layout_basic, uniq_terence, uniq_natasha, uniq_crazy_yiuf_cottage

Skill      XL: |  1  2  3 |
---------------+----------+-----
Bows           | 5 |  5.1
Fighting       | |  2.1
Armour         | |  0.1
Dodging        | |  2.1
Stealth        | |  1.0

Action                   || total
-------------------------++-------
 Fire: Shortbow          ||    71
Armor: Leather armour    ||     8
Dodge: Dodged            ||    20

Table legend:
 A = Non-vault XP
 B = Vault XP
 C = Vault XP percentage of total XP
 D = Non-vault monster count
 E = Vault monster count
 F = Vault count percentage of total count
                 A         B        C        D         E       F
            +---------+---------+-------+---------+---------+-------
      Total |      66 |       0 |   0.0 |      29 |       0 |   0.0
            +---------+---------+-------+---------+---------+-------
        D:1 |      45 |       0 |   0.0 |      18 |       0 |   0.0
        D:2 |      21 |       0 |   0.0 |      11 |       0 |   0.0
            +---------+---------+-------+---------+---------+-------
